 Dungeon Crawl Stone Soup version 0.31-a0-1099-g7fa767f3fe (webtiles) character file.

Game seed: 12278596176654436281

363 Malachi the Ruffian (level 6, -7/38 HPs)
             Began as an Octopode Shapeshifter on Dec 1, 2023.
             Was a Believer of Vehumet.
             Mangled by a gnoll sergeant
             ... wielding a +0 trident
              (10 damage)
             ... on level 5 of the Dungeon.
             The game lasted 00:05:30 (3273 turns).

Malachi the Ruffian (Octopode Shapeshifter)         Turns: 3273, Time: 00:05:30

Health: -7/38      AC:  1    Str: 13    XL:     6   Next: 67%
Magic:  10/10      EV: 13    Int: 15    God:    Vehumet [**....]
Gold:   248        SH:  0    Dex: 11    Spells: 9/10 levels left

rFire   . . .        d - +0 dagger
rCold   . . .        (no shield)
rNeg    . . .        (helmet currently unavailable)
rPois   .            (no amulet)
rElec   .            (no ring)
rCorr   .            (no ring)
SInv    .            (no ring)
Will    .....        (no ring)
Stlth   ++           (no ring)
HPRegen 0.26/turn    (no ring)
MPRegen 0.12/turn    (no ring)
                     (no ring)

%: no passive effects
@: beast-form
A: beast (slay +1), almost no armour, amphibious, 8 rings, camouflage 1,
gelatinous body 1, (nimble swimmer 1), tentacles
a: Begin Untransformation, Renounce Religion


You were on level 5 of the Dungeon.
You worshipped Vehumet.
Vehumet was pleased with you.
You were a hulking beast.
You visited 1 branch of the dungeon, and saw 5 of its levels.

You collected 248 gold pieces.

Inventory:

Hand Weapons
 d - a +0 dagger (weapon)
Missiles
 e - 6 boomerangs
Talismans
 b - a beast talisman
 c - a flux talisman
Wands
 q - a wand of iceblast (8)
Scrolls
 h - a scroll of noise
 j - a scroll of enchant weapon {unknown}
 l - a scroll of teleportation
Potions
 a - a potion of lignification
 f - a potion of attraction
 g - a potion of heal wounds {unknown}
 i - a potion of mutation {unknown}
 k - a potion of resistance {unknown}


   Skills:
 - Level 1.0 Fighting
 - Level 2.0 Dodging
 + Level 5.5 Unarmed Combat
 + Level 2.6 Spellcasting
 - Level 3.0 Conjurations
 - Level 3.0 Shapeshifting


You had 9 spell levels left.
You knew the following spells:

 Your Spells              Type           Power      Damage    Failure   Level
a - Magic Dart            Conj           40%        1d5       6%          1

Your spell library contained the following spells:

 Spells                   Type           Power      Damage    Failure   Level
 Scorch                   Fire           2%         2d5       32%         2


Dungeon Overview and Level Annotations

Branches:
Dungeon (5/15)             Temple (0/1) D:4

Altars:
Ashenzari
Kikubaaqudgha
Vehumet
Wu Jian
Xom
The Shining One


Innate Abilities, Weirdness & Mutations

You are a hulking beast.
Your limbs bulge with bestial killing power. (Slay +1)
You cannot wear most types of armour.
You are amphibious.
You can wear up to eight rings at the same time.
Your skin changes colour to match your surroundings (Stealth+).
Your rubbery body absorbs attacks. (AC +1, EV +1)
((You are camouflaged when in or above water. (Stealth+)))
You have tentacles for arms and can constrict up to eight enemies at once.


Message History

Your Conjurations skill increases to level 3!
Aiming: Iceblast
Press: ? - help, Shift-Dir - straight line, f - gnoll
Aim: a gnoll, wielding a +0 halberd The mass of ice explodes!
The iceblast engulfs the gnoll!
The gnoll is severely wounded.
The iceblast engulfs the gnoll.
The gnoll is heavily wounded.
You hear an angry hiss.
The gnoll sergeant hits you from afar with a +0 trident!
An ogre comes into view. It is wielding a +0 giant spiked club.
Unknown command.
Unknown command.
The gnoll attacks as it pursues you! The gnoll misses you.
Aiming: Iceblast
Press: ? - help, Shift-Dir - straight line The mass of ice explodes!
The iceblast engulfs the gnoll sergeant!
The gnoll sergeant is severely wounded.
Unknown command.
Unknown command.
Unknown command.
A jackal comes into view.
The gnoll sergeant barely misses you.
Hit: d) +0 dagger
Press: ? - help, Dir - move target, f - you
Okay, then.
There are monsters nearby!
The gnoll sergeant attacks as it pursues you!
The gnoll sergeant barely misses you.
The gnoll sergeant attacks as it pursues you!
The gnoll sergeant hits you from afar with a +0 trident!
The gnoll sergeant attacks as it pursues you!
The gnoll sergeant barely misses you.
The gnoll sergeant attacks as it pursues you!
The gnoll sergeant hits you from afar with a +0 trident!
* * * LOW HITPOINT WARNING * * *
The gnoll sergeant attacks as it pursues you!
The gnoll sergeant hits you from afar with a +0 trident!
You die...

#....#
#....#
#..<.#
#....#
#.#....#
#.#....#
#.#....#
#.#.####
#.#h# #.#.#
#.#g#
#.#.########
#....)......
###g########
#g######
#......#
###....#


You could see a gnoll sergeant and 2 gnolls.

Vanquished Creatures
  An ogre (D:4)
  A gnoll bouda (D:5)
  2 hounds
  An orc priest (D:4)
  Ijyb (D:3)
  4 gnolls (D:5)
  2 adders
  2 worms
  A dart slug (D:1)
  9 orcs
  3 endoplasms
  2 giant cockroaches
  8 goblins
  4 hobgoblins
  3 jackals (D:1)
  5 quokkas
  A ball python (D:1)
  8 bats
  2 frilled lizards (D:1)
  5 kobolds
  3 rats (D:1)
68 creatures vanquished.

Notes
Turn   | Place    | Note
-------+----------+-------------------------------------------
     0 | D:1      | Malachi the Octopode Shapeshifter began the quest for the
                  | Orb.
     0 | D:1      | Reached XP level 1. HP: 13/13 MP: 1/1
   139 | D:1      | Reached XP level 2. HP: 18/18 MP: 2/2
   318 | D:1      | Reached skill level 4 in Unarmed Combat
   337 | D:1      | Reached XP level 3. HP: 22/23 MP: 3/3
   582 | D:1      | Found a faded altar of an unknown god.
   835 | D:1      | Prayed at the altar of an unknown god.
   835 | D:1      | Became a worshipper of Vehumet
   835 | D:1      | Reached * piety under Vehumet
   835 | D:1      | Offered knowledge of Magic Dart by Vehumet.
   839 | D:1      | Learned a level 1 spell: Magic Dart
  1663 | D:3      | Reached XP level 4. HP: 23/28 MP: 4/4
  2010 | D:3      | Reached skill level 1 in Conjurations
  2206 | D:3      | Noticed Ijyb
  2221 | D:3      | Killed Ijyb
  2222 | D:3      | Reached skill level 1 in Spellcasting
  2373 | D:3      | Found a glowing golden altar of the Shining One.
  2439 | D:3      | Found a broken altar of Ashenzari.
  2440 | D:3      | Found a shimmering altar of Xom.
  2445 | D:3      | Found an ornate altar of the Wu Jian Council.
  2446 | D:3      | Found an ancient bone altar of Kikubaaqudgha.
  2559 | D:4      | Reached XP level 5. HP: 20/33 MP: 5/7
  2688 | D:4      | Found a staircase to the Ecumenical Temple.
  2728 | D:4      | Reached skill level 5 in Unarmed Combat
  2943 | D:4      | Reached ** piety under Vehumet
  2943 | D:4      | Offered knowledge of Scorch by Vehumet.
  3004 | D:4      | Noticed an ogre
  3007 | D:4      | Killed an ogre
  3008 | D:4      | Reached XP level 6. HP: 38/38 MP: 7/9
  3151 | D:5      | Entered Level 5 of the Dungeon
  3162 | D:5      | Noticed an orc warrior
  3273 | D:5      | Mangled by a gnoll sergeant

Illustrated notes

Levels and vault maps discovered:
D:1:      dpeg_arrival_morbid_curiosity, layout_loops_ring,
          shapermc_ecumenical_altar_mp_urbaneastern
D:2:      layout_loops_ring, hangedman_decor_riveting, item_on_display_b
D:3:      layout_rooms, grunt_temple_overflow_open, uniq_ijyb
D:4:      layout_cave_pools, minmay_temple_entry_slanted
D:5:      layout_basic, chequers_temple_overflow_statue_of_worship,
          uniq_eustachio

Skill      XL: |  1  2  3  4  5  6 |
---------------+-------------------+-----
Unarmed Combat | 4 5 |  5.5
Conjurations   | 1 2 3 |  3.0
Spellcasting   | 1 2 |  2.6
Fighting       | |  1.0
Dodging        | |  2.0
Shapeshifting  | |  3.0

Action                     |  1- 3 |  4- 6 || total
---------------------------+-------+-------++-------
  Melee: Unarmed           |    63 |    24 ||    87
         Constrict         |    13 |    12 ||    25
         Tentacles         |    15 |    12 ||    27
         Punch             |     1 |     4 ||     5
         Dagger            |       |    28 ||    28
   Cast: Magic Dart        |     3 |     5 ||     8
  Evoke: Wand              |       |     8 ||     8
    Use: Scroll            |       |     8 ||     8
         Potion            |       |     4 ||     4
   Stab: Sleeping          |    13 |     7 ||    20
 Armour: Skin              |    29 |    28 ||    57
  Dodge: Dodged            |    27 |    36 ||    63

Table legend: (Time is in decaauts)
 A = Elapsed time spent in this place.
 B = Non-inter-level travel time spent in this place.
 C = Inter-level travel time spent in this place.
 D = Time resting spent in this place.
 E = Time spent auto-exploring this place.
 F = Levels seen in this place.
 G = Mean time per level.
                   A        B        C        D        E       F      G
               +--------+--------+--------+--------+--------+-----+--------+
         Total |   3257 |   3080 |    177 |    269 |   2340 |   5 |  651.4 |
       Dungeon |   3257 |   3080 |    177 |    269 |   2340 |   5 |  651.4 |
               +--------+--------+--------+--------+--------+-----+--------+

Top non-repeatable levels by time:
     D:3: 929 daAuts
     D:1: 919 daAuts
     D:2: 696 daAuts
     D:4: 632 daAuts
     D:5: 79 daAuts
